[Event "1st Uppsala Festival 2022"]
[Site "Uppsala"]
[Date "2022.08.13"]
[Round "8.2"]
[White "Savitha Shri B"]
[Black "Akesson, Ralf"]
[Result "1/2-1/2"]
[ECO "B18"]
[WhiteElo "2278"]
[BlackElo "2427"]
[Annotator "TA"]
[PlyCount "61"]
[EventDate "2022.08.09"]
[EventType "tourn"]
[EventCountry "SWE"]
[SourceTitle "playchess.com"]
[Source "ChessBase"]
[SourceQuality "1"]
[TimeControl "5400+30"]

1. e4 c6 2. Nc3 d5 3. d4 dxe4 4. Nxe4 Bf5 5. Ng3 Bg6 6. Nh3 e6 7. c3 Bd6 8. Nf4 Nf6 {[%emt 0:19:37] The position is equal.} 9. h4 {[%emt 0:08:04] B18: Classical Caro-Kann: 4...Bf5 sidelines.} Qc7 10. h5 $1 Bxf4 11. Bxf4 Qxf4 12. hxg6 fxg6 13. Qd2 (13. Bc4 $5 ) 13... Qxd2+ 14. Kxd2 Nbd7 15. Re1 {[%emt 0:02:13] [#] Against e5} Ke7 $146 ({Predecessor:} 15... Kf7 16. Bc4 Rae8 17. Bb3 c5 18. Ne4 Nxe4+ 19. Rxe4 Nf6 20. Re5 cxd4 21. cxd4 Re7 22. Rhe1 Rhe8 23. Kd3 h6 24. f4 {½-½ (24) Boleslavsky,I-Petrosian,T Zuerich 1953}) 16. Bc4 Nd5 17. Ne4 h6 {[%emt 0:00:34] Inhibits Ng5.} 18. g3 g5 19. Re2 Rae8 20. Rhe1 Rhf8 21. Kc1 b6 22. Nd2 Kd6 23. Bd3 Re7 24. a4 a5 25. f3 Rfe8 26. Bg6 Rd8 27. Bh5 N5f6 28. Bg6 Nd5 29. Bh5 N5f6 30. Bg6 Nd5 31. Bh5 {[%emt 0:04:29] An interesting draw.  Weighted Error Value: White=0.02 (flawless) /Black=0.01 (flawless)} 1/2-1/2

[Event "1st Uppsala Festival 2022"]
[Site "Uppsala"]
[Date "2022.08.13"]
[Round "8.3"]
[White "Larkin, Vladyslav"]
[Black "Sriram, Jha"]
[Result "1-0"]
[ECO "C95"]
[WhiteElo "2455"]
[BlackElo "2361"]
[Annotator "TA"]
[PlyCount "149"]
[EventDate "2022.08.09"]
[EventType "tourn"]
[EventCountry "SWE"]
[SourceTitle "playchess.com"]
[Source "ChessBase"]
[SourceQuality "1"]
[TimeControl "5400+30"]

1. e4 e5 2. Nf3 Nc6 3. Bb5 a6 4. Ba4 Nf6 5. O-O Be7 6. Re1 b5 7. Bb3 d6 8. c3 O-O 9. h3 Nb8 10. d4 Nbd7 11. Nbd2 Bb7 12. Bc2 Re8 13. a4 Bf8 14. Bd3 c6 15. Qc2 g6 16. b3 Qc7 {[%emt 0:09:00] C95: Closed Ruy Lopez: Breyer Variation with 10 d4.} 17. Bb2 Bg7 18. Bf1 Rac8 {[%emt 0:09:58] White is slightly better.} 19. dxe5 {[%emt 0:08:50] [#]} dxe5 $146 ({Predecessor:} 19... Nxe5 20. c4 Nxf3+ 21. Nxf3 bxa4 22. bxa4 c5 23. e5 Nh5 24. exd6 Qxd6 25. Rxe8+ Rxe8 26. Rd1 Qc7 27. Re1 Bc6 {½-½ (27) Green,W (2440)-Danenkov,P (2327) ICCF email 2010}) 20. c4 bxa4 21. c5 axb3 22. Nxb3 Ra8 23. Bc3 {[%emt 0:01:53][%cal Bb2c3,Bc3a5,Ba5b4,Bb4c5,Bc5b6][%mdl 1056] Inhibits a5. White has strong compensation.} Nf8 24. Na5 N6d7 25. Nc4 {[%emt 0:01:27] Threatens to win with Ba5. 0x0.0019ed090643dp-1022s more active pieces. The black rooks are badly placed.} Ne6 (25... Nxc5 $16 26. Ba5 Qb8) 26. Ba5 $18 Qb8 27. Nd6 Re7 (27... Bf8 $142 28. Nxe8 Qxe8) 28. Red1 Ndxc5 29. Bb4 Qa7 30. Ra5 (30. Rac1 $6 Rd7 31. Bc4 (31. Bxc5 Qxc5 32. Qb3 Nd4 $16) 31... Rf8 32. Nxf7 (32. Bxe6 Nxe6 33. Nxb7 Rxd1+ 34. Qxd1 Qxb7 $16) 32... Rdxf7 $18) 30... Qb6 31. Qc3 (31. Rb1 $142) 31... Rd7 (31... Nxe4 $142 32. Nxe4 c5 33. Bxc5 (33. Nxc5 e4 $16) 33... Nxc5 34. Qxc5 Qxc5 35. Nxc5 Bxf3 36. gxf3 Bh6 37. Rxa6 Rxa6) 32. Rxc5 Nxc5 $2 (32... Qc7 33. Ba5 Qb8) 33. Bxc5 (33. Qxc5 Qxc5 34. Bxc5 a5 $16) 33... Qc7 34. Rb1 Bc8 (34... Rb8 35. Qa3 (35. Rxb7 Rxb7 36. Nxb7 Qxb7 $16) 35... Bf6) 35. Nc4 $2 {[%emt 0:01:26] Pair of Knights!} (35. Ne8 Qd8 36. Nxg7 Kxg7 37. Nxe5) 35... Rb8 36. Bb6 Qb7 37. Nfd2 Qa8 38. Na5 c5 39. Bc4 ({White should play} 39. Rb3 $18) 39... Bb7 (39... Bh6 $16 40. Bd3 (40. Qxe5 Bxd2 41. Rb3 Bb7 $11) 40... Bxd2 41. Qxd2 Qxe4 42. Bxe4 Rxd2) 40. Nxb7 ({Don't do} 40. Bxc5 $6 Bxe4 41. Rxb8+ Qxb8) 40... Qxb7 41. Bd5 {[%emt 0:03:05] Inhibits Qc6.} Rxd5 42. exd5 Qxd5 43. Qc2 {[%emt 0:00:07] Prevents e4.} (43. Bxc5 $2 Rxb1+ 44. Nxb1 Qd1+ 45. Kh2 Qxb1 $19) 43... h5 (43... Qc6 $16 {is a better defense.}) 44. Nc4 ({Don't take} 44. Bxc5 $6 Rc8 $16) 44... e4 45. Rd1 Bd4 46. Ba5 Qe6 47. Bd2 Qd5 48. Be3 Rb4 49. Rc1 Qe6 50. Bd2 Rb8 51. Qa4 Qf6 52. Be3 Qe6 53. Qa5 Kh7 54. Qc7 Rb4 (54... Re8 $16 {is tougher.} 55. Qg3 Rd8) 55. Bxd4 {[%emt 0:00:15][%cal Od4e5] Black must now prevent Be5!} cxd4 56. Qc5 $2 (56. Nd6 e3 57. Nxf7) 56... Rb5 57. Qxd4 Rd5 58. Qe3 Rd3 59. Qf4 Rd5 {[%emt 0:01:00] Against Ne5} 60. Ne3 Rd7 61. Qb8 Rd2 62. Qf4 {[%emt 0:00:54][%cal Oe3f5] Strongly threatening Nf5!} Rd7 $1 63. Ra1 Rb7 64. Rd1 Re7 65. Rd6 Qc8 $2 (65... Qe5 66. Qxe5 Rxe5 67. Rxa6 Re8) 66. Nd5 Rb7 67. Nf6+ Kg7 {[%emt 0:00:09] [#]} 68. Nxe4 (68. Nxh5+ $142 $1 gxh5 (68... Kf8 69. Qf6) 69. Qg5+ Kf8 70. Rh6 Rb1+ 71. Kh2 Qc7+ 72. g3) 68... Qe8 69. Rxa6 (69. Qf6+ $142 Kh7 {[#]} 70. Rd8 $1) 69... Rb1+ 70. Kh2 {[%emt 0:00:05] White threatens Nd6 and mate.} Rb4 71. Qf6+ {[%emt 0:00:32] White mates.} Kh6 72. Ng5 Rb7 73. Rd6 Qb8 74. Nxf7+ Rxf7 75. Qxg6# {[%emt 0:00:04] Weighted Error Value: White=0.48/Black=0.51} ({Weaker is} 75. Qxf7 Qxd6+ 76. g3 Qd1 $16) 1-0

[Event "1st Uppsala Festival 2022"]
[Site "Uppsala"]
[Date "2022.08.13"]
[Round "8.4"]
[White "Stefansson, Vignir Vatnar"]
[Black "Lindberg, Bengt"]
[Result "1/2-1/2"]
[ECO "E06"]
[WhiteElo "2461"]
[BlackElo "2370"]
[Annotator "RC"]
[PlyCount "99"]
[EventDate "2022.08.09"]
[EventType "tourn"]
[EventCountry "SWE"]
[SourceTitle "playchess.com"]
[Source "ChessBase"]
[SourceQuality "1"]
[TimeControl "5400+30"]

1. c4 Nf6 2. g3 e6 3. Bg2 d5 4. d4 Be7 5. Nf3 O-O 6. Qc2 c5 7. dxc5 Qa5+ 8. Nc3 dxc4 9. O-O Nc6 10. Ne4 Nxe4 11. Qxe4 c3 12. bxc3 Qxc5 13. Bf4 f5 14. Qa4 Bf6 15. Be3 Qa5 16. Qxa5 Nxa5 17. Bd4 Bd7 18. Rab1 Bc6 19. Bxf6 gxf6 20. Nd4 Bxg2 21. Kxg2 Kf7 22. Rfe1 Rfd8 23. Rb5 b6 24. e4 fxe4 25. Rh5 Kg6 26. g4 Rd5 27. Rxe4 Rxh5 28. gxh5+ Kf7 29. Rxe6 Rd8 30. Re3 Rd5 31. h6 Rh5 32. f4 Nc4 33. Rd3 Rxh6 34. Nc6 a5 35. Kg3 f5 36. Rd7+ Ke6 37. Rd8 Kf7 38. Rc8 Nd6 39. Ne5+ Ke6 40. Rc7 Kd5 41. h4 Ne4+ 42. Kh3 Nf2+ 43. Kg2 Ne4 44. Rd7+ Kc5 45. c4 Kb4 46. Rf7 Nd6 47. Rc7 Ne4 48. Rf7 Nd6 49. Rc7 Ne4 50. Rf7 1/2-1/2

[Event "1st Uppsala Festival 2022"]
[Site "Uppsala"]
[Date "2022.08.13"]
[Round "8.5"]
[White "Peng, Li Min"]
[Black "Johansson, Jan"]
[Result "1-0"]
[ECO "E32"]
[WhiteElo "2516"]
[BlackElo "2306"]
[Annotator "TA"]
[PlyCount "29"]
[EventDate "2022.08.09"]
[EventType "tourn"]
[EventCountry "SWE"]
[SourceTitle "playchess.com"]
[Source "ChessBase"]
[SourceQuality "1"]
[TimeControl "5400+30"]

1. d4 Nf6 2. c4 e6 3. Nc3 Bb4 4. Qc2 O-O 5. e4 d5 6. e5 Ne4 7. Bd3 c5 8. Nf3 {[%emt 0:00:05] Threatens to win with 0-0. E32: Nimzo-Indian: Classical (4 Qc2): 4...0-0.} Qa5 (8... cxd4 $11 9. Nxd4 Nd7) 9. O-O $16 {[%emt 0:02:24] [#]} ({But not} 9. cxd5 $6 Nxc3 10. bxc3 (10. Bxh7+ Kh8 $15) 10... Bxc3+ 11. Bd2 Bxd2+ 12. Qxd2 (12. Nxd2 cxd4 13. Bxh7+ Kh8 $11) 12... Qxd2+ 13. Kxd2 exd5 $11) 9... Nxc3 $146 (9... f5 $16) ({Predecessor:} 9... Bxc3 10. bxc3 Nc6 11. Bxe4 dxe4 12. Qxe4 Ne7 13. Bg5 Qc7 14. d5 h6 15. Bxe7 Qxe7 {1-0 (27) Schyndel,A (2038)-Sileika,A (2036) ICCF email 2020}) 10. bxc3 Bxc3 11. Bxh7+ Kh8 {[%emt 0:00:04] [#]} 12. Ng5 $1 {[%emt 0:00:04][%cal Oc2d3] Intending Qd3! and mate.} Bxa1 {[%emt 0:05:59] [#]} (12... g6 13. Rb1) 13. Bg8 $1 g6 14. Nxf7+ Rxf7 15. Bxf7 {[%emt 0:00:04] Black did not feel at home in the position after the opening.  Weighted Error Value: White=0.15 (very precise) /Black=2.32} 1-0

[Event "1st Uppsala Festival 2022"]
[Site "Uppsala"]
[Date "2022.08.14"]
[Round "9.1"]
[White "Trost, Edvin"]
[Black "Savitha Shri B"]
[Result "1-0"]
[ECO "E01"]
[WhiteElo "2345"]
[BlackElo "2278"]
[Annotator "TA"]
[PlyCount "181"]
[EventDate "2022.08.09"]
[EventType "tourn"]
[EventCountry "SWE"]
[SourceTitle "playchess.com"]
[Source "ChessBase"]
[SourceQuality "1"]
[TimeControl "5400+30"]

1. d4 d5 2. c4 e6 3. Nf3 Nf6 4. g3 c6 5. Bg2 Nbd7 6. Qc2 Bd6 7. Nbd2 O-O 8. O-O a6 {[%emt 0:14:13] E01: Catalan: Early deviations.} (8... Re8 $11) 9. Rd1 {[%emt 0:05:40] [#]} Bb4 $146 ({Predecessor:} 9... b5 10. b3 a5 11. c5 Bc7 12. e4 dxe4 13. Nxe4 Nd5 14. a3 b4 15. a4 Ba6 16. Bb2 {1-0 (49) Mekhitarian,K (2545)-Brito,L (2354) Foz do Iguacu 2018}) 10. e4 Be7 {[%emt 0:03:51] White is better.} 11. e5 Ne8 12. Nf1 dxc4 13. Qxc4 Nc7 14. h4 Nd5 15. Ne3 f5 16. exf6 N7xf6 17. Qe2 b5 18. Ne5 Qb6 19. Nxd5 cxd5 20. Bg5 {[%emt 0:02:12] White is more active.} Qd6 (20... Re8 $16 {was called for.} 21. h5 h6) 21. Bf4 Qb6 22. h5 Nd7 23. h6 Nxe5 24. Bxe5 (24. Qxe5 $6 Bf6 25. Qe3 Bd7 $16) 24... Bf6 25. hxg7 Bxg7 (25... Rf7 {keeps fighting.} 26. Bxf6 Rxf6) 26. Bxg7 $18 (26. Qg4 $6 Ra7 27. Rd3 Kh8 $16) 26... Kxg7 27. Rac1 {[%emt 0:01:50] Hoping for Qe5+.} (27. Qh5 $6 Qd8 $16) 27... Qd6 28. Rc3 (28. Qh5 Bd7 $16) 28... Bd7 29. Re1 (29. Qh5 Rf5 30. Qe2 b4 $14) 29... Rf6 30. Re3 (30. Qh5 Raf8 $16) 30... Raf8 31. f4 ({White should play} 31. Rf3 $1 $16) 31... Qb4 32. Rd1 Qc4 33. Qd2 b4 34. Rc1 Qb5 35. Rc7 R8f7 36. Bf1 Qb6 37. Rc5 Kh8 38. Bd3 (38. Qe2 $16) 38... Rg7 $14 {[%emt 0:00:10] Threatens to win with ...Rxf4.} 39. Qf2 Qb8 40. Kf1 (40. Bxa6 $2 Rxf4 41. Qg2 (41. Qd2 $2 Rf6 $19) 41... Rfg4 $19) (40. Rf3 $14) 40... Qd6 (40... Rh6 $1 $11 {keeps the balance.}) 41. Ke2 (41. Qh2 $16) 41... Be8 42. Qe1 Bh5+ 43. Kd2 Bg6 44. Kc2 Rb7 45. Bxg6 Rxg6 46. Kb1 Qf8 {[%emt 0:00:51] [#]} (46... Rb8 $16 47. Rb3 Kg7) 47. Re5 (47. Rxd5 $3 $18 {[%mdl 512] and White stays clearly on top.} exd5 48. Re8) 47... Qd6 (47... Rbg7 $16) 48. Rc8+ $18 Kg7 {[%emt 0:00:08] [#]} 49. g4 $2 (49. f5 $1 $18 exf5 50. Ree8 (50. Rxf5 Qe6 $16)) 49... Rxg4 $11 50. Rxe6 Qxf4 51. Re7+ (51. Ree8 $5 Rf7 52. Rg8+ Kh6 53. Qh1+ Rh4 54. Qxd5 (54. Rc6+ Kh5 $11) 54... Qe4+ 55. Qxe4 Rxe4 56. Rc1 $11) 51... Rxe7 52. Qxe7+ {[%emt 0:00:02][%mdl 4096] Endgame KQR-KQR} Qf7 (52... Kh6 $11 {remains equal.} 53. Qe6+ Rg6 54. Qh3+ Kg5 55. Qxh7 (55. Qg2+ Kf6 $11) 55... Qe4+ 56. Rc2 Rh6 57. Qg7+ Kh5) 53. Qe5+ $16 {[%emt 0:00:01][%mdl 1024] White has strong compensation.} Kh6 54. Rc6+ Rg6 55. Rc1 ({White should try} 55. Qh2+ $16 Kg5 56. Rc1 Qf5+ 57. Ka1) 55... Qf3 $11 56. Ka1 Qh5 $2 (56... Rf6 $14) 57. Qf4+ $18 Qg5 58. Rh1+ $2 (58. Qf8+ Kh5 59. Rh1+ Kg4 60. Rg1+ Kh4 61. Rxg5 Kxg5 62. Qxb4) 58... Kg7 59. Qc7+ {[%emt 0:00:12][%mdl 64] Skewer} Kf8 {[%emt 0:00:01][%cal Og5g1] And now ...Qg1+! would win.} 60. Qxh7 $2 (60. Qb8+ $18 Kf7 61. Rxh7+ Rg7 62. Qb7+ (62. Rh1 $2 {is a self mate.} Qg1+ 63. Rxg1 Rxg1#) 62... Kg8 63. Rxg7+ Qxg7 64. Qxd5+ Kh7 65. Kb1) 60... Ke8 $2 (60... Qg1+ $11 61. Rxg1 Rxg1+ 62. Qb1 Rxb1+ 63. Kxb1 b3) 61. Re1+ Kd8 62. Qb7 $2 (62. Qf7 Rg8 63. Rf1) 62... Re6 {[%emt 0:01:13][%cal Re6e1] Prevents Re8+.} 63. Rh1 ({Weaker is} 63. Qxb4 Rxe1+ 64. Qxe1 Qg4 $16) (63. Rd1 $142) 63... Rh6 64. Qb8+ Kd7 65. Qb7+ Kd8 66. Rb1 {[%emt 0:01:06] Black must now prevent a4.} Qf4 $2 (66... Qg2 {is a better defense.} 67. Qxb4 Rh1) 67. Qxb4 {[%emt 0:00:25] Strongly threatening Qa5+.} Rc6 68. Qa5+ Rc7 $2 (68... Kc8 69. Qxd5 Qd6 70. Qf5+ Kb8) 69. Qxd5+ Kc8 70. a3 Kb8 71. Qe5 (71. Re1 $142 Ka7 72. Ka2) 71... Qd2 72. Rh1 {[%emt 0:00:26] White wants to mate with Rh8+.} Kb7 73. Qd5+ Ka7 74. Rh8 {[%emt 0:00:51] Ra8+ would kill now.} Qc1+ 75. Ka2 {[%emt 0:00:00] Intending Ra8+ and mate.} Qc4+ 76. Qxc4 Rxc4 {[%emt 0:00:00] KR-KR} 77. Rh4 Kb6 78. Kb3 Rc1 79. Rh2 Kb5 80. Rc2 (80. a4+ $142 Kb6 81. Rh6+ Ka7 82. a5) 80... Rxc2 {[%emt 0:01:44] KR-K3P} 81. a4+ Ka5 82. Kxc2 Kxa4 {[%emt 0:00:02] KPP-KP. White mates.} 83. Kd3 Kb4 84. Ke4 Kb3 85. d5 a5 86. d6 Kxb2 87. d7 a4 88. d8=Q a3 89. Qd2+ Kb1 90. Qb4+ Ka2 91. Kd3 {[%emt 0:00:05] Weighted Error Value: White=0.36/Black=0.37} 1-0

[Event "1st Uppsala Festival 2022"]
[Site "Uppsala"]
[Date "2022.08.14"]
[Round "9.2"]
[White "Sriram, Jha"]
[Black "Sorensen, Hampus"]
[Result "0-1"]
[ECO "D30"]
[WhiteElo "2361"]
[BlackElo "2376"]
[Annotator "TA"]
[PlyCount "46"]
[EventDate "2022.08.09"]
[EventType "tourn"]
[EventCountry "SWE"]
[SourceTitle "playchess.com"]
[Source "ChessBase"]
[SourceQuality "1"]
[TimeControl "5400+30"]

1. d4 Nf6 2. Nf3 d5 3. c4 e6 4. Bg5 Bb4+ 5. Nbd2 dxc4 6. e3 {[%emt 0:00:43] D30: Queen's Gambit Declined: Systems without Nc3.} b5 7. a3 Ba5 (7... Bxd2+ $5 8. Nxd2 Bb7 $11) 8. Be2 {[%emt 0:00:06] White is slightly better.} Bb7 9. O-O O-O 10. b3 {[%emt 0:00:13] [#]} Bxd2 $146 ({Predecessor:} 10... c3 11. b4 cxd2 12. bxa5 Qd5 13. Bxf6 gxf6 14. Qxd2 a6 15. Rfc1 Qd6 16. a4 bxa4 17. Rxa4 {1-0 (45) Stupak,K (2584)-Koustav,C (2404) Taleigao 2019}) 11. Nxd2 c5 (11... Qd5 $2 12. Bf3 Qxg5 13. Bxb7 $18) 12. dxc5 cxb3 (12... Qd5 $2 13. Bf3 Qd7 14. bxc4 $18) 13. Nxb3 a6 14. a4 Qxd1 15. Rfxd1 ({Of course not} 15. Raxd1 bxa4 16. Na5 Bd5 $11) 15... Bd5 {[%emt 0:01:04] [#]} 16. Bf3 (16. Rxd5 $1 $16 Nxd5 (16... bxa4 17. Rd3) 17. axb5) 16... bxa4 (16... Bxb3 {feels hotter.} 17. Bxa8 Bxd1 18. Rxd1 Nbd7) 17. Bxf6 (17. Na5 $14) 17... axb3 $15 18. Bxd5 exd5 19. Be7 (19. Bc3 $15) 19... Re8 $17 20. Bd6 {[%emt 0:01:43] [#]} a5 $1 21. Rxd5 $2 (21. Ra4 $17 {nothing else works.}) 21... a4 $19 {[%emt 0:08:28] Black is clearly winning.} 22. Ra3 Nc6 23. g4 Nb4 {[%emt 0:01:05] Weighted Error Value: White=0.53/Black=0.08 (flawless)} 0-1

[Event "1st Uppsala Festival 2022"]
[Site "Uppsala"]
[Date "2022.08.14"]
[Round "9.3"]
[White "Akesson, Ralf"]
[Black "Stefansson, Vignir Vatnar"]
[Result "1-0"]
[ECO "A29"]
[WhiteElo "2427"]
[BlackElo "2461"]
[Annotator "TA"]
[PlyCount "61"]
[EventDate "2022.08.09"]
[EventType "tourn"]
[EventCountry "SWE"]
[SourceTitle "playchess.com"]
[Source "ChessBase"]
[SourceQuality "1"]
[TimeControl "5400+30"]

1. c4 e5 2. Nc3 Nf6 3. Nf3 Nc6 4. g3 d5 5. cxd5 Nxd5 6. Bg2 Nb6 7. O-O Be7 8. d3 O-O 9. a3 Re8 10. b4 a5 11. b5 Nd4 12. e3 {[%emt 0:03:25] A29: English Opening: Four Knights Variation with 4 g3.} Nxf3+ 13. Bxf3 a4 14. Qe2 {[%emt 0:09:03] [#] The position is equal.} Rb8 $146 ({Predecessor:} 14... Ra7 15. Bb2 Be6 16. Rfc1 Nd7 17. Nd5 Bd6 18. Rc2 Ra5 19. Rac1 Bxd5 20. Bxd5 Rxb5 {0-1 (31) Benet Catala,A (2155)-Sukandar,I (2378) Gold Coast 2019}) 15. Qc2 Ra8 (15... Be6 $5 ) 16. Bb2 Ra7 17. Ne2 Bd6 {[%emt 0:06:06] [#]} (17... Bf8 $14) 18. d4 $1 $16 exd4 19. Nxd4 Qg5 20. Bg2 Bd7 21. Rab1 Qg6 22. Rfc1 Qh5 (22... Qxc2 $14 23. Rxc2 f6) 23. e4 Ra5 $2 {[%emt 0:03:16] [#] Loses the game.} (23... Raa8 $16 {was called for.}) 24. Qc3 $1 $18 Raa8 {[%emt 0:00:03] [#]} 25. Ne6 $1 Be5 (25... Qg6 26. Qxg7+) 26. Qxe5 Qxe5 27. Bxe5 {[%emt 0:00:07] This bishop pair is nice.} Bxe6 28. Bxc7 ({Not} 28. Rxc7 Nc4 $14) 28... Nc4 29. Rc3 {[%emt 0:07:39] aiming for Rb4.} b6 30. Rb4 Rec8 $2 (30... Rac8) 31. Rbxc4 {[%emt 0:01:49] Weighted Error Value: White=0.12 (very precise) /Black=0.52} 1-0

[Event "1st Uppsala Festival 2022"]
[Site "Uppsala"]
[Date "2022.08.14"]
[Round "9.4"]
[White "Johansson, Jan"]
[Black "Larkin, Vladyslav"]
[Result "0-1"]
[ECO "B42"]
[WhiteElo "2306"]
[BlackElo "2455"]
[Annotator "TA"]
[PlyCount "94"]
[EventDate "2022.08.09"]
[EventType "tourn"]
[EventCountry "SWE"]
[SourceTitle "playchess.com"]
[Source "ChessBase"]
[SourceQuality "1"]
[TimeControl "5400+30"]

1. e4 c5 2. Nf3 e6 3. d4 cxd4 4. Nxd4 a6 5. Bd3 Qc7 6. O-O Nf6 7. Qe2 Bd6 8. Nf3 {[%emt 0:01:52] B42: Sicilian: Kan Variation: 5 Bd3.} Nc6 {[%emt 0:00:48] Inhibits e5.} 9. Nbd2 Ng4 10. h3 {[%emt 0:05:22] [#] White has an edge.} h5 $146 (10... Nge5 $14) ({Predecessor:} 10... Nge5 11. Nxe5 Nxe5 12. Nc4 Nxc4 13. Bxc4 O-O 14. Bd3 Bh2+ 15. Kh1 Bf4 16. Bxf4 Qxf4 {1-0 (45) Podgursky,S (2235)-Wagener,A (2203) Kishinev 2001}) 11. Nc4 (11. hxg4 $6 hxg4 12. g3 gxf3 13. Nxf3 b5 $11) (11. c3 $16) 11... Bh2+ 12. Kh1 b5 13. Ne3 Bd6 14. g3 (14. a4 $14 b4 15. Nc4) 14... Nxe3 15. Bxe3 Bb7 16. a4 b4 17. Kg1 Ne5 18. Bd4 Nxf3+ 19. Qxf3 h4 20. g4 $1 (20. Bxg7 Rg8 21. Bf6 (21. Qf6 $2 Be7 $19) 21... hxg3 $19) 20... Bh2+ 21. Kh1 Be5 22. Qe3 Bf4 23. Qf3 f6 24. Rae1 O-O 25. b3 g5 26. Re2 a5 27. Rd1 Rad8 28. Kg1 d5 {[%emt 0:02:24] Threatens to win with ...Bh2+.} 29. Ree1 Rd7 (29... e5 $17 30. Be3 Bxe3 31. fxe3 Kg7) 30. Be3 (30. exd5 $11 e5 31. Be3) 30... Bh2+ 31. Kf1 Qe5 {[%emt 0:02:52] Black is more active.} (31... Be5 $1 $17 {[%cal Re5c3] ...Bc3 is the strong threat.} 32. Bb5 Rdf7 33. exd5 Bc3) 32. exd5 (32. Bd4 $1 $11 Qxd4 33. Bb5 dxe4 34. Bxd7) 32... Bxd5 $15 33. Qe2 Bf4 (33... Qc7 $5 34. Bc4 Bxc4 35. Qxc4 Qxc4+ 36. bxc4 Rc7 $15) 34. Bb5 Rdf7 (34... Qe4 $2 35. f3 Qh7 36. Bxd7 Qxd7 37. Bxf4 gxf4 38. Qf2 $18) 35. Bxf4 Qxf4 36. Qe3 (36. Bc4 $15) 36... Qh2 $40 {[%emt 0:00:47][%mdl 128] Black has strong attack.} 37. Bc4 (37. Rxd5 $17 exd5 38. Bc6) 37... Qg2+ $19 38. Ke2 Rc8 39. Rxd5 (39. Rd4 $17) 39... exd5 40. Qe6 Rc5 41. Bd3 d4 {[%emt 0:00:33] And now ...Re5+ would win.} (41... Qxh3 42. Kd2 (42. Bg6 Rcc7 $17) 42... Qf3 43. Qe8+ Kg7 44. Re7 Qf4+ 45. Kd1 Qxg4+ 46. Be2 Qd4+ 47. Bd3 Rxe7 48. Qxe7+ Kg8 49. Qe8+ Kg7 50. Qe7+ Kg8 51. Qe8+ Kg7 52. Qe7+ $11) 42. Kd1 Kg7 {[%emt 0:00:33] Prevents Bh7.} ({Weaker is} 42... Qxf2 43. Qe8+ (43. Bg6 Qf3+ 44. Kc1 Qb7 $11) 43... Kg7 44. Re7 Rxe7 45. Qxe7+ Kg8 46. Qxc5 $11) 43. Kc1 (43. Re2 $142) 43... Qxf2 44. Kb1 {[%emt 0:00:14] [#]} Qf4 $2 (44... Rc3 $1 $19 {and Black stays clearly on top.} 45. Qe4 {[#]} Rxd3 $1 46. cxd3 Qg3) 45. Rf1 $2 (45. Qe8 $17 {nothing else works.} Re5 46. Rxe5 Qxe5 47. Qd8) 45... Qe5 46. Qb6 Re7 $2 (46... Rc3 $19 47. Qb5 Qxb5 48. axb5 Re7) 47. Ka2 $2 (47. Rxf6 $1 $11 Qxf6 48. Qxc5) 47... Re6 {[%emt 0:00:21] Weighted Error Value: White=0.63/Black=0.35} 0-1

[Event "1st Uppsala Festival 2022"]
[Site "Uppsala"]
[Date "2022.08.14"]
[Round "9.5"]
[White "Lindberg, Bengt"]
[Black "Peng, Li Min"]
[Result "1/2-1/2"]
[ECO "C42"]
[WhiteElo "2370"]
[BlackElo "2516"]
[Annotator "TA"]
[PlyCount "73"]
[EventDate "2022.08.09"]
[EventType "tourn"]
[EventCountry "SWE"]
[SourceTitle "playchess.com"]
[Source "ChessBase"]
[SourceQuality "1"]
[TimeControl "5400+30"]

1. e4 e5 2. Nf3 Nf6 3. Nxe5 d6 4. Nf3 Nxe4 5. Qe2 Qe7 6. Nc3 Nxc3 7. dxc3 Qxe2+ 8. Bxe2 {[%emt 0:00:08] The position is equal.} Nc6 {[%emt 0:00:08] C42: Petroff Defence: 3 Nxe5 and unusual White 3rd moves.} 9. Be3 Be7 10. Nd4 Nxd4 11. cxd4 Bf5 12. O-O-O {[%emt 0:04:52] [#]} d5 $146 ({Predecessor:} 12... O-O-O) 13. h4 h5 14. Bf4 Kd7 15. f3 Rae8 16. Kd2 Bd6 17. Bxd6 Kxd6 18. Rde1 a5 19. Bd1 b6 20. Rxe8 Rxe8 $11 {[%emt 0:00:04][%mdl 4096] Endgame KRB-KRB} 21. Re1 Rh8 22. Ke3 f6 23. c3 c5 24. Re2 Rc8 25. Rd2 c4 26. g4 hxg4 27. fxg4 Re8+ 28. Kf4 Bb1 29. a3 Re4+ 30. Kf3 Re1 31. Bc2 Bxc2 32. Rxc2 {[%emt 0:00:01] KR-KR} b5 33. Re2 Rf1+ 34. Rf2 Re1 35. Re2 Rf1+ 36. Rf2 Re1 37. Re2 {[%emt 0:37:42] A balanced but interesting game.  Weighted Error Value: White=0.00 (flawless) /Black=0.00 (flawless)} 1/2-1/2